 Dungeon Crawl Stone Soup version 0.30-a0-964-gd452b5e7fa (webtiles) character file.

Game seed: 15752277861121082092

1570 Dirtsage the Cleaver (level 8, -5/58 HPs)
             Began as a Demonspawn Berserker on Mar 30, 2023.
             Was a Priest of Trog.
             Slain by emiel's ghost (10 damage)
             ... on level 6 of the Dungeon.
             The game lasted 00:11:10 (6479 turns).

Dirtsage the Cleaver (Demonspawn Berserker)         Turns: 6479, Time: 00:11:11

Health: -5/58      AC: 14    Str: 20    XL:     8   Next: 59%
Magic:  8/8        EV:  8    Int:  9    God:    Trog [***...]
Gold:   314        SH:  0    Dex: 12    Spells: 7/7 levels left

rFire   + . .      SeeInvis .    a - +0 hand axe
rCold   . . .      Faith    .    (no shield)
rNeg    . . .      Spirit   .    l - +1 chain mail {rF+}
rPois   .          Reflect  .    o - +1 hat
rElec   .          Rampage  .    p - +0 cloak
rCorr   .                        m - +0 pair of gloves
Will    ++...                    (no boots) Stlth
                                 (no amulet)
HPRegen 1.29/turn                (no ring)
MPRegen 0.11/turn                (no ring)

@: lethally poisoned (-5 -> -6), strong-willed (expiring), on berserk cooldown,
regenerating (expiring), slowed, very slow
A: horns 2, powered by pain 1, sharp scales 2
a: Renounce Religion, Berserk, Trog's Hand


You were on level 6 of the Dungeon.
You worshipped Trog.
Trog was most pleased with you.
You visited 1 branch of the dungeon, and saw 6 of its levels.

You collected 314 gold pieces.

Inventory:

Hand Weapons
 a - a +0 hand axe (weapon)
Missiles
 u - 5 curare-tipped darts (quivered)
 x - a throwing net
Armour
 l - a +1 chain mail of fire resistance (worn)
 m - a +0 pair of gloves (worn)
 o - a +1 hat (worn)
 p - a +0 cloak (worn)
Jewellery
 t - an amulet of the acrobat
Wands
 s - a wand of roots (12)
Scrolls
 d - 2 scrolls of enchant weapon {unknown}
 e - 7 scrolls of amnesia {unknown}
 f - a scroll of noise {unknown}
 g - 3 scrolls of identify {unknown}
 h - a scroll of enchant armour {unknown}
 j - a scroll of magic mapping {unknown}
 k - a scroll of summoning {unknown}
 n - a scroll of fear {unknown}
 q - a scroll of blinking {unknown}
 w - a scroll of fog {unknown}
 y - a scroll of vulnerability {unknown}
 z - a scroll of poison {unknown}
Potions
 b - 2 potions of flight {unknown}
 c - a potion of curing {unknown}
 i - 4 potions of brilliance {unknown}
 r - a potion of magic {unknown}
 v - a potion of lignification {unknown}
 A - 2 potions of heal wounds {unknown}


   Skills:
 - Level 3.0 Fighting
 + Level 10.3 Axes
 - Level 1.7 Armour
 - Level 1.7 Dodging


You had 7 spell levels left.
You didn't know any spells.
Your spell library contained the following spells:

 Spells                   Type           Power      Damage    Failure   Level
 Foxfire                  Conj/Fire      0%         2x1d2     99%         1
 Kiss of Death            Conj/Necr      0%         2d5       99%         1
 Slow                     Hex            0%         N/A       99%         1
 Sublimation of Blood     Necr           0%         N/A       100%        2
 Wereblood                Tmut           0%         N/A       100%        2
 Confusing Touch          Hex            0%         N/A       100%        3
 Inner Flame              Hex/Fire       0%         N/A       100%        3
 Spider Form              Tmut/Pois      0%         N/A       100%        3
 Tukima's Dance           Hex            0%         N/A       100%        3
 Vampiric Draining        Necr           0%         2d6       100%        3
 Cause Fear               Hex            0%         N/A       100%        4
 Dispel Undead            Necr           0%         3d6       100%        4
 Flame Wave               Conj/Fire      0%         2d4       100%        4
 Passage of Golubria      Tloc           0%         N/A       100%        4
 Plasma Beam              Fire/Air       0%         2x1d7     100%        5
 Yara's Violent Unravell  Hex/Tmut       0%         3d3       100%        5
 Summon Hydra             Summ           0%         N/A       100%        7
 Discord                  Hex            0%         N/A       100%        8


Dungeon Overview and Level Annotations

Branches:
Dungeon (6/15)
 Temple: D:4-7

Altars:
Cheibriados
Dithmenos
Gozag
Makhleb
Okawaru
Xom

Shops:
D:5 *

Annotations:
D:6 emiel's ghost, novice DsBe


Innate Abilities, Weirdness & Mutations

You have a pair of horns on your head.
You sometimes gain a little power by taking damage.
You are mostly covered in razor-sharp scales. (AC +2, Slay +2)


Message History

You feel yourself slow down.
You feel very sick.
Emiel's ghost hits you but does no damage.
You now have 34/58 hp.
You hit emiel's ghost but do no damage.
Emiel's ghost is heavily damaged.
You feel very sick.
Emiel's ghost hits you but does no damage.
You take 4 damage, and have 30/58 hp.
You hit emiel's ghost.
Emiel's ghost is heavily damaged.
You feel very sick.
Emiel's ghost hits you but does no damage.
You take 4 damage, and have 26/58 hp.
You hit emiel's ghost but do no damage.
Emiel's ghost is heavily damaged.
You feel very sick.
Emiel's ghost hits you but does no damage.
You take 2 damage, and have 24/58 hp.
You hit emiel's ghost but do no damage. Your headbutt misses emiel's ghost.
Emiel's ghost is heavily damaged.
You hit the kobold brigand.
You feel sick.
The kobold brigand hits you with a +1 short sword of distortion.
Space warps around you.
* * * LOW HITPOINT WARNING * * *
Emiel's ghost hits you but does no damage.
The kobold demonologist looks encouraged for a moment.
You take 7 damage, and have 17/58 hp.
You hit emiel's ghost but do no damage.
Emiel's ghost is heavily damaged.
You miss the kobold brigand.
You feel the effects of Trog's Hand fading.
You feel sick.
The kobold brigand hits you with a +1 short sword of distortion.
* * * LOW HITPOINT WARNING * * *
Space warps around you!
* * * LOW HITPOINT WARNING * * *
Emiel's ghost hits you but does no damage.
Emiel's ghost hits you!
You die...

###.########## #............#
#.#.########.# #.#......# #.#
#........# #.#
################.##########
###.............÷...........#
...........#####.K.K####.####
###.###....# #@#..#.##.##
###.###....#####W#..#.....#
[..............KK..>#.##..#
.....##.......KKKKK.#.##..#
.....##.....##'''##...##..#
.....##.#####.....######..###
.##'#...# #..#.#..#........#
.##.#...# #♣.#.#.♣#####.####
.##.#...# .K#.#.. #.#


You could see a kobold demonologist, 8 kobold brigands and emiel's ghost.

Vanquished Creatures
  2 water moccasins
  A black bear (D:6)
  An ice beast (D:6)
  A phantom (D:4)
  A kobold brigand (D:3)
  A bullfrog (D:6)
  A scorpion (D:6)
  A gnoll sergeant (D:6)
  2 electric eels (D:6)
  5 hounds
  Crazy Yiuf (D:3)
  An orc priest (D:5)
  A gnoll bouda (D:4)
  3 jellies (D:5)
  An iron imp (D:4)
  4 iguanas
  3 orc wizards (D:5)
  12 gnolls
  4 adders
  A white imp (D:5)
  A worm (D:4)
  3 dart slugs
  18 orcs
  6 ball pythons
  2 endoplasms (D:1)
  5 giant cockroaches
  6 goblins
  5 hobgoblins
  15 kobolds
  A quokka (D:2)
  4 bats
  4 frilled lizards
  7 rats
124 creatures vanquished.

Vanquished Creatures (others)
  A fungus (D:6)
  13 plants (D:6)
14 creatures vanquished.

Grand Total: 138 creatures vanquished

Notes
Turn   | Place    | Note
-------+----------+-------------------------------------------
     0 | D:1      | Dirtsage the Demonspawn Berserker began the quest for the
                  | Orb.
     0 | D:1      | Reached XP level 1. HP: 18/18 MP: 1/1
    23 | D:1      | Reached skill level 3 in Axes
   156 | D:1      | Gained mutation: You have a pair of small horns on your
                  | head. [demonic ancestry]
   156 | D:1      | Reached XP level 2. HP: 17/24 MP: 2/2
   885 | D:2      | Reached ** piety under Trog
   898 | D:2      | Reached skill level 4 in Axes
   898 | D:2      | Reached XP level 3. HP: 20/29 MP: 3/3
  1206 | D:2      | Gained mutation: You are partially covered in razor-sharp
                  | scales. (AC +1, Slay +1) [demonic ancestry]
  1206 | D:2      | Reached XP level 4. HP: 12/35 MP: 4/4
  1539 | D:3      | Found the +4 robe of Folly {Brill Will-∞ Int+8}
  1632 | D:3      | Noticed a kobold brigand
  1643 | D:3      | Killed a kobold brigand
  1644 | D:3      | Reached skill level 5 in Axes
  1644 | D:3      | Gained mutation: You have a pair of horns on your head.
                  | [demonic ancestry]
  1644 | D:3      | Reached XP level 5. HP: 27/41 MP: 5/5
  1766 | D:3      | Found a runed translucent door.
  1767 | D:3      | Noticed Crazy Yiuf
  1888 | D:3      | Found a shadowy altar of Dithmenos.
  1964 | D:3      | Got Qufun's Thoughts on the Arsonist and Therianthropy
  2199 | D:3      | Killed Crazy Yiuf
  2267 | D:4      | Found a burning altar of Makhleb.
  2276 | D:4      | Reached skill level 6 in Axes
  2393 | D:4      | Gained mutation: You sometimes gain a little power by
                  | taking damage. [demonic ancestry]
  2393 | D:4      | Reached XP level 6. HP: 46/47 MP: 6/6
  2626 | D:4      | Found an iron altar of Okawaru.
  2751 | D:4      | Found a snail-covered altar of Cheibriados.
  2774 | D:4      | Reached skill level 7 in Axes
  2851 | D:4      | Gained mutation: You are mostly covered in razor-sharp
                  | scales. (AC +2, Slay +2) [demonic ancestry]
  2851 | D:4      | Reached XP level 7. HP: 43/52 MP: 7/7
  2852 | D:4      | Reached *** piety under Trog
  3222 | D:5      | Entered Level 5 of the Dungeon
  3377 | D:5      | Found a shimmering altar of Xom.
  3560 | D:5      | Reached skill level 8 in Axes
  3954 | D:5      | Found an opulent altar of Gozag.
  3965 | D:5      | Found Gozag's Platinum Reserve.
  4247 | D:5      | Identified the +0 ring mail of Noughts and Crosses {Will+
                  | Str+4}
  4706 | D:6      | Reached skill level 9 in Axes
  4706 | D:6      | Reached XP level 8. HP: 28/58 MP: 8/8
  5998 | D:6      | Reached skill level 10 in Axes
  6031 | D:6      | Found a runed translucent gate.
  6033 | D:6      | Found a runed translucent gate.
  6033 | D:6      | Noticed a kobold demonologist
  6033 | D:6      | Noticed emiel's ghost (novice DsBe)
  6042 | D:6      | Found a runed translucent gate.
  6479 | D:6      | Slain by emiel's ghost

Illustrated notes

Levels and vault maps discovered:
D:1:      minmay_arrival_stone_box, layout_loops_ring
D:2:      layout_rooms
D:3:      cheibrodos_thug_alley, layout_basic, nicolae_dithmenos_the_darkroom,
          nrook_loot_triangle, uniq_crazy_yiuf_cottage
D:4:      layout_basic, slow_altar_1, mainiacjoe_overflow_small_starburst,
          okawaru_gym_becter, eino_small_chamber_without_monster,
          grunt_ministairs_2, kennysheep_windowed_goal
D:5:      layout_basic, dk_xom_monty_hall, nicolae_gozag_zags_fifth_avenue,
          kennysheep_cross_room, roderic_cross_of_infinity, corexii_shack
D:6:      layout_basic, gammafunk_ghost_nasty_kobolds,
          minmay_misc_feat_ornament, serial_bayou_lake_a

Skill      XL: |  1  2  3  4  5  6  7  8 |
---------------+-------------------------+-----
Axes           | 3 4 5 6 7 9 10 | 10.3
Fighting       | |  3.0
Armour         | |  1.7
Dodging        | |  1.7

Action                     |  1- 3 |  4- 6 |  7- 9 || total
---------------------------+-------+-------+-------++-------
  Melee: Hand axe          |    74 |   138 |   180 ||   392
         Headbutt          |     9 |    15 |    34 ||    58
         Punch             |       |     3 |     2 ||     5
 Invoke: Berserk           |     2 |     3 |     6 ||    11
         Trog's Hand       |       |       |     1 ||     1
   Stab: Sleeping          |     3 |       |       ||     3
 Armour: Animal skin       |    16 |       |       ||    16
         Chain mail        |       |    76 |    95 ||   171
  Dodge: Dodged            |    37 |    43 |    48 ||   128

Table legend: (Time is in decaauts)
 A = Elapsed time spent in this place.
 B = Non-inter-level travel time spent in this place.
 C = Inter-level travel time spent in this place.
 D = Time resting spent in this place.
 E = Time spent auto-exploring this place.
 F = Levels seen in this place.
 G = Mean time per level.
                   A        B        C        D        E       F      G
               +--------+--------+--------+--------+--------+-----+--------+
         Total |   6572 |   6452 |    120 |   1040 |   4620 |   6 | 1095.3 |
       Dungeon |   6572 |   6452 |    120 |   1040 |   4620 |   6 | 1095.3 |
               +--------+--------+--------+--------+--------+-----+--------+

Top non-repeatable levels by time:
     D:6: 1854 daAuts
     D:5: 1435 daAuts
     D:4: 1007 daAuts
     D:3: 796 daAuts
     D:1: 795 daAuts
     D:2: 682 daAuts
